 Dungeon Crawl Stone Soup version 0.21-a0-85-ga0cb861 (webtiles) character file.

103 HAL9000 the Skirmisher (level 4, -1/49 HPs)
             Began as an Ogre Hunter on June 25, 2017.
             Succumbed to a scorpion's poison
             ... on level 3 of the Dungeon.
             The game lasted 00:04:01 (3093 turns).

HAL9000 the Skirmisher (Ogre Hunter)                Turns: 3093, Time: 00:04:01

Health: -1/49      AC:  3    Str: 22    XL:     4   Next: 79%
Magic:  4/4        EV: 10    Int: 12    God:
Gold:   67         SH:  0    Dex:  9    Spells: 3/3 levels left

rFire    . . .     SeeInvis .   a - +0 short sword
rCold    . . .     Gourm    .   (no shield)
rNeg     . . .     Faith    .   b - +0 robe
rPois    .         Spirit   .   (helmet restricted)
rElec    .         Reflect  .   (no cloak)
rCorr    .         Harm     .   (gloves unavailable)
MR       .....                  (boots unavailable)
Stlth    +.........             (no amulet)
HPRegen  0.16/turn              (no ring)
MPRegen  0.09/turn              (no ring)

@: mighty, lethally poisoned (-1 -> -24)
A: unfitting armour, tough skin 1
a: no special abilities


You were on level 3 of the Dungeon.
You were not hungry.

You visited 1 branch of the dungeon, and saw 3 of its levels.

You collected 67 gold pieces.

Inventory:

Hand Weapons
 a - a +0 short sword (weapon)
 p - a +0 club
Missiles
 d - 2 throwing nets (quivered)
 n - 3 javelins of penetration
Armour
 b - a +0 robe (worn)
Jewellery
 r - an uncursed ring of protection from magic {unknown}
Scrolls
 g - a scroll of blinking {unknown}
 h - 2 scrolls of identify {unknown}
 i - 2 scrolls of magic mapping {unknown}
 j - 2 scrolls of teleportation {unknown}
 l - 4 scrolls of remove curse {unknown}
 q - a scroll of fear {unknown}
Comestibles
 f - 2 bread rations
 k - a royal jelly
 t - 2 fruits
 u - 5 chunks of flesh


   Skills:
 - Level 4.7 Fighting
 + Level 2.6 Maces & Flails
 - Level 4.0 Throwing
 - Level 1.7 Dodging
 - Level 0.6 Stealth


You had 3 spell levels left.
You didn't know any spells.

Dungeon Overview and Level Annotations

Branches:
Dungeon (3/15)

Altars:
Cheibriados
Sif Muna
Xom


Innate Abilities, Weirdness & Mutations

You are too large for most types of armour.
You have tough skin. (AC +1)


Message History

You feel sick. The scorpion closely misses you.
You hit the scorpion.
The scorpion is severely wounded.
You feel sick. The scorpion stings you!
* * * LOW HITPOINT WARNING * * *
You are more poisoned.
The scorpion poisons you!
You closely miss the scorpion.
The scorpion is severely wounded.
* * * LOW HITPOINT WARNING * * *
You feel very sick.
The scorpion stings you but does no damage.
Unknown command.
It was a potion of might.
You feel very mighty all of a sudden.
* * * LOW HITPOINT WARNING * * *
You feel sick. The scorpion completely misses you.
You hit the scorpion.
The scorpion is severely wounded.
You die...

... ..( ..! #.#
######.## ... ...
..# #.#.# #.#
#@#.# # #.# #s#.#
###.###[###g#.#
#.((...(...g..#
#.#.###.###...###
...............#
...
.##.####...#.#
.## #. #...#.# #.
#...#.#


You could see a scorpion, a hobgoblin and a goblin.

Vanquished Creatures
  Terence (D:2)
  2 adders (D:2)
  An ooze (D:2)
  5 worms
  A leopard gecko (D:2)
  8 bats
  2 giant cockroaches
  2 goblins (D:2)
  7 hobgoblins
  3 jackals (D:2)
  A quokka (D:2)
  A ball python (D:2)
  2 frilled lizards
  5 rats
41 creatures vanquished.

Notes
Turn   | Place    | Note
-------+----------+-------------------------------------------
     0 | D:1      | HAL9000 the Ogre Hunter began the quest for the Orb.
     0 | D:1      | Reached XP level 1. HP: 22/22 MP: 1/1
   447 | D:1      | Reached XP level 2. HP: 25/32 MP: 2/2
   969 | D:2      | Reached XP level 3. HP: 22/40 MP: 3/3
  1755 | D:2      | Reached skill level 1 in Maces & Flails
  2044 | D:2      | Found a shimmering altar of Xom.
  2061 | D:2      | Found a snail-covered altar of Cheibriados.
  2344 | D:2      | Noticed Terence
  2345 | D:2      | Reached XP level 4. HP: 49/49 MP: 4/4
  2367 | D:2      | Killed Terence
  3024 | D:3      | Found a deep blue altar of Sif Muna.
  3091 | D:3      | HP: 2/49 [poisoned by a scorpion]
  3093 | D:3      | Succumbed to a scorpion's poison

Vault maps used:
D:1:      minmay_arrival_checkered_box
D:2:      minitemple, first_bread, uniq_terence
D:3:      amethyst_overflow_temple_binary

Skill      XL: |  1  2  3  4 |
---------------+-------------+-----
Fighting       | 3 4 |  4.7
Maces & Flails | 1 2 |  2.6
Throwing       | |  4.0
Dodging        | |  1.7
Stealth        | |  0.6

Action                   |  1- 3 |  4- 6 || total
-------------------------+-------+-------++-------
Melee: Short sword       |   158 |    52 ||   210
Throw: Large rock        |     3 |     7 ||    10
  Use: Potion            |       |     2 ||     2
 Stab: Sleeping          |     3 |       ||     3
  Eat: Chunk             |     4 |     3 ||     7
Armor: Robe              |    60 |     8 ||    68
Dodge: Dodged            |   102 |    28 ||   130
